 Dungeon Crawl Stone Soup version 0.30-a0-414-gcb316572d5 (webtiles) character file.

Game seed: 12881882823538383828

221 IdlyInterested the Trooper (level 5, -5/44 HPs)
             Began as a Demonspawn Wanderer on Dec 7, 2022.
             Splashed by a jelly's acid (10 damage)
             ... on level 4 of the Dungeon.
             The game lasted 00:11:40 (3259 turns).

IdlyInterested the Trooper (Demonspawn Wanderer)    Turns: 3259, Time: 00:11:41

Health: -5/44      AC:  4    Str: 11 (12) XL:     5   Next: 65%
Magic:  14/14      EV:  9    Int: 15 (17) God:
Gold:   143        SH:  0    Dex: 17      Spells: 4/4 levels left

rFire   . . .      SeeInvis .    a - +0 dagger (vorpal)
rCold   . . .      Faith    .    (no shield)
rNeg    . . .      Spirit   .    d - +0 scale mail
rPois   .          Reflect  .    (no helmet)
rElec   .          Harm     .    w - +0 cloak
rCorr   .          Rampage  .    (no gloves)
Will    .....                    (no boots)
Stlth   +.........               (no amulet)
HPRegen 0.27/turn                k - ring of magical power
MPRegen 0.14/turn                t - +6 ring of intelligence

@: corroded
A: rugged brown scales 1
a: no special abilities


You were on level 4 of the Dungeon.
You visited 1 branch of the dungeon, and saw 4 of its levels.

You collected 143 gold pieces.

Inventory:

Hand Weapons
 a - a +0 vorpal dagger (weapon)
 j - a +0 flail
 m - a +0 short sword
 s - a +0 war axe
Missiles
 b - 4 curare-tipped darts
 g - 5 stones (quivered)
 i - 3 boomerangs
 p - 16 poisoned darts
Armour
 c - a +0 leather armour
 d - a +0 scale mail (worn)
 r - a +0 chain mail
 w - a +0 cloak (worn)
Magical Staves
 h - a staff of cold
Jewellery
 k - a ring of magical power (left hand)
 t - a +6 ring of intelligence (right hand)
Scrolls
 u - a scroll of fear {unknown}
Potions
 e - a potion of curing
 f - 2 potions of brilliance
 l - a potion of flight
 o - a potion of cancellation
 q - a potion of might
 v - a potion of attraction


   Skills:
 + Level 4.9 Fighting
 - Level 1.7 Ranged Weapons
 - Level 2.0 Throwing
 - Level 2.0 Armour
 * Level 1.2 Dodging
 - Level 2.0 Stealth
 - Level 2.0 Evocations


You had 4 spell levels left.
You didn't know any spells.
Your spell library contained the following spells:

 Spells                   Type           Power      Damage    Failure   Level
 Summon Guardian Golem    Hex/Summ       0%         N/A       99%         3
 Vhi's Electric Charge    Tloc/Air       0%         N/A       99%         3
 Arcjolt                  Conj/Air       0%         1d10      100%        5
 Orb of Destruction       Conj           0%         9d5       100%        7
 Spellforged Servitor     Conj/Summ      0%         N/A       100%        7
 Maxwell's Capacitive Co  Air            0%         ∞         100%        8


Dungeon Overview and Level Annotations

Branches:
Dungeon (4/15)
 Temple: D:4-7

Altars:
Fedhas
Hepliaklqana


Innate Abilities, Weirdness & Mutations

You are partially covered in rugged brown scales. (AC +1, +3% HP)


Message History

You hit the shadow imp.
You kill the shadow imp!
You feel your dexterity returning.
You hit the jelly.
Your hands burn!
* * * LOW HITPOINT WARNING * * *
The jelly is moderately wounded.
The jelly barely misses you.
You hit the jelly.
Your hands burn!
* * * LOW HITPOINT WARNING * * *
The jelly is moderately wounded.
The jelly hits you but does no damage.
You hit the jelly but do no damage. The acid corrodes you!
Your hands burn!
* * * LOW HITPOINT WARNING * * *
The jelly is moderately wounded.
The jelly hits you but does no damage.
You hit the jelly but do no damage.
Your hands burn!
* * * LOW HITPOINT WARNING * * *
The jelly is moderately wounded.
The jelly barely misses you.
You hit the jelly but do no damage.
Your hands burn!
* * * LOW HITPOINT WARNING * * *
The jelly is moderately wounded.
The jelly hits you but does no damage.
You are confused.
You feel invigorated.
The jelly jiggles.
The jelly barely misses you.
You bump into the rock wall.
The jelly hits you.
* * * LOW HITPOINT WARNING * * *
You are splashed with acid.
* * * LOW HITPOINT WARNING * * *
You hit the jelly but do no damage.
Your hands burn!
* * * LOW HITPOINT WARNING * * *
The jelly is moderately wounded.
You feel less invigorated.
You feel less confused. The jelly hits you.
* * * LOW HITPOINT WARNING * * *
You are splashed with acid!
You die...

#. #5 ~.~. #.. #. ~..
#...#. ..# ##...#. #.#
..P~... ##.#
.~~.~.$###..###########
.~~~~....!............#
♣≈~~~..##J##<.........#
♣~≈~... #@######......#
$..~... #.# #.....##
###..$. #.# #.....#
...... ... ......#
######.##.## ...#### ##
### ####


You could see a jelly.

Vanquished Creatures
  A vampire bat (D:3)
  A quasit (D:4)
  An orc wizard (D:3)
  2 shadow imps (D:4)
  A white imp (D:4)
  An ufetubus (D:4)
  4 dart slugs
  8 orcs (D:3)
  7 endoplasms
  6 giant cockroaches
  6 goblins
  5 hobgoblins
  4 quokkas
  5 ball pythons
  10 bats
  3 frilled lizards
  8 kobolds
  5 rats
78 creatures vanquished.

Vanquished Creatures (others)
  5 fungi (D:3)
  A plant (D:3)
6 creatures vanquished.

Grand Total: 84 creatures vanquished

Notes
Turn   | Place    | Note
-------+----------+-------------------------------------------
     0 | D:1      | IdlyInterested the Demonspawn Wanderer began the quest for
                  | the Orb.
     0 | D:1      | IdlyInterested set off with the following items: a +0
                  | vorpal dagger, 4 curare-tipped darts, a +0 sling, a +0
                  | scale mail, a potion of lignification.
     0 | D:1      | Reached XP level 1. HP: 16/16 MP: 1/1
    10 | D:1      | Found a faded altar of an unknown god.
   182 | D:1      | Gained mutation: You are partially covered in rugged brown
                  | scales. (AC +1, +3% HP) [demonic ancestry]
   182 | D:1      | Reached XP level 2. HP: 17/23 MP: 2/2
   571 | D:1      | Reached skill level 1 in Stealth
   618 | D:1      | Reached XP level 3. HP: 23/28 MP: 3/3
   767 | D:1      | Reached skill level 3 in Fighting
  2374 | D:3      | Found a hazy altar of Hepliaklqana.
  2411 | D:3      | Reached XP level 4. HP: 26/36 MP: 4/4
  2588 | D:3      | Reached skill level 4 in Fighting
  2817 | D:3      | Found a blossoming altar of Fedhas.
  3064 | D:3      | Reached XP level 5. HP: 44/44 MP: 5/5
  3259 | D:4      | HP: 1/44 [acid (5)]
  3259 | D:4      | Splashed by a jelly's acid

Illustrated notes

Levels and vault maps discovered:
D:1:      tarquinn_simple_flora_water_b, layout_loops_ring,
          ebering_ecumenical_altar_sacrificial
D:2:      layout_basic
D:3:      layout_rooms, nzn_hepliaklqana_mist_gate, fedhas_altar_3,
          roderic_batcave
D:4:      layout_basic, kennysheep_mini, serial_demonic, serial_demonic_d,
          serial_demonic_a, serial_demonic_d, serial_demonic_f,
          serial_demonic_f, serial_demonic_b

Skill      XL: |  1  2  3  4  5 |
---------------+----------------+-----
Armour         | 2 |  2.0
Throwing       | 2 |  2.0
Stealth        | 1 2 |  2.0
Fighting       | 3 4 |  4.9
Evocations     | 2 |  2.0
Ranged Weapons | |  1.7
Dodging        | |  1.2

Action                   |  1- 3 |  4- 6 || total
-------------------------+-------+-------++-------
Melee: Dagger            |   205 |   140 ||   345
       Punch             |     2 |     1 ||     3
       Unarmed           |       |    10 ||    10
Throw: Stone             |     6 |    13 ||    19
  Use: Scroll            |     5 |     1 ||     6
       Potion            |     3 |     3 ||     6
Armor: Scale mail        |    76 |   107 ||   183
       Skin              |       |    10 ||    10
Dodge: Dodged            |    89 |    87 ||   176

Table legend: (Time is in decaauts)
 A = Elapsed time spent in this place.
 B = Non-inter-level travel time spent in this place.
 C = Inter-level travel time spent in this place.
 D = Time resting spent in this place.
 E = Time spent auto-exploring this place.
 F = Levels seen in this place.
 G = Mean time per level.
                   A        B        C        D        E       F      G
               +--------+--------+--------+--------+--------+-----+--------+
         Total |   3257 |   2940 |    317 |    460 |   1628 |   4 |  814.2 |
       Dungeon |   3257 |   2940 |    317 |    460 |   1628 |   4 |  814.2 |
               +--------+--------+--------+--------+--------+-----+--------+

Top non-repeatable levels by time:
     D:2: 1163 daAuts
     D:1: 1066 daAuts
     D:3: 916 daAuts
     D:4: 110 daAuts
